 Dungeon Crawl Stone Soup version 0.30-a0-883-g5ad918d77d (console) character file.

Game seed: 7109666946562509902

1406 Abuh the Covert (level 9, -2/52 HPs)
             Began as a Kobold Brigand on Mar 15, 2023.
             Slain by a gnoll
             ... wielding a +0 spear
             ... led by a gnoll bouda
              (3 damage)
             ... on level 6 of the Dungeon.
             The game lasted 00:16:35 (5483 turns).

Abuh the Covert (Kobold Brigand)                    Turns: 5483, Time: 00:16:35

Health: -2/52      AC:  4    Str:  9    XL:     9   Next: 1%
Magic:  9/9        EV: 14    Int: 12    God:
Gold:   279        SH:  0    Dex: 20    Spells: 8/8 levels left

rFire   . . .      SeeInvis .    q - +2 short sword (vamp)
rCold   . . .      Faith    .    (no shield)
rNeg    + . .      Spirit   .    b - +0 robe
rPois   .          Reflect  .    g - +0 helmet
rElec   .          Rampage  .    c - +0 cloak
rCorr   .                        (no gloves)
Will    .....                    (no boots)
Stlth   ++++++                   (no amulet)
HPRegen 0.28/turn                l - ring of positive energy
MPRegen 0.11/turn                (no ring)

@: brilliant, weakened
A: small, no large weapons, nightstalker 3
a: no special abilities


You were on level 6 of the Dungeon.
You visited 1 branch of the dungeon, and saw 6 of its levels.

You collected 279 gold pieces.

Inventory:

Hand Weapons
 a - a +2 dagger
 m - a +2 short sword of speed
 q - a +2 vampiric short sword (weapon)
Missiles
 d - 24 poisoned darts (quivered)
 e - 3 curare-tipped darts
 j - 2 throwing nets
Armour
 b - a +0 robe (worn)
 c - a +0 cloak (worn)
 g - a +0 helmet (worn)
 i - a +1 leather armour of fire resistance
 o - a +0 pair of boots
Jewellery
 l - a ring of positive energy (left hand)
 n - an amulet of reflection
 r - a +6 ring of intelligence
Wands
 k - a wand of paralysis (17)
 s - a wand of mindburst (14)
Scrolls
 f - 2 scrolls of blinking
 h - 6 scrolls of identify
 p - 2 scrolls of fear {unknown}
 t - a scroll of brand weapon {unknown}
 u - a scroll of magic mapping {unknown}
 v - a scroll of enchant armour {unknown}
 y - a scroll of teleportation {unknown}
Potions
 x - a potion of flight {unknown}


   Skills:
 - Level 4.0 Fighting
 + Level 8.2 Short Blades
 - Level 2.1 Throwing
 - Level 1.2 Dodging
 * Level 12.4 Stealth


You had 8 spell levels left.
You didn't know any spells.
Your spell library contained the following spells:

 Spells                   Type           Power      Damage    Failure   Level
 Dazzling Flash           Conj/Hex       0%         N/A       69%         3
 Animate Armour           Summ/Erth      0%         N/A       97%         4
 Iskenderun's Mystic Bla  Conj/Tloc      0%         2d3       97%         4
 Blade Hands              Tmut           0%         N/A       100%        5
 Iron Shot                Conj/Erth      0%         9d1       100%        6
 Starburst                Conj/Fire      0%         6d3       100%        6


Dungeon Overview and Level Annotations

Branches:
Dungeon (6/15)
 Temple: D:4-7

Altars:
Wu Jian

Shops:
D:6 =


Innate Abilities, Weirdness & Mutations

You are small and have problems with some larger weapons.
You are completely attuned to the shadows.


Message History

* * * LOW HITPOINT WARNING * * *
The gnoll is no longer moving quickly. x2; The gnoll hits you with a +0 club!
* * * LOW HITPOINT WARNING * * *
The gnoll hits you with a +0 club.
* * * LOW HITPOINT WARNING * * *
The gnoll closely misses you.
There is an open door, spattered with blood here.
The gnoll bouda barely misses you. The gnoll hits you but does no damage.
You hit the gnoll bouda.
You feel better.
The gnoll bouda is lightly wounded.
The gnoll bouda barks out a call to the hunt!
The gnolls pick up the pace!
You hit the gnoll bouda but do no damage.
The gnoll bouda is lightly wounded.
The gnoll is no longer moving quickly.
The gnoll closely misses you.
The gnoll hits you from afar with a +0 spear!
* * * LOW HITPOINT WARNING * * *
The gnoll attacks as you move away! The gnoll hits you with a +0 club.
* * * LOW HITPOINT WARNING * * *
The gnoll bouda barks out a call to the hunt!
The gnoll picks up the pace!
You enter the shallow water.
Moving in this stuff is going to be slow.
The gnoll bouda attacks as you move away!
The gnoll bouda hits you with a +0 club.
* * * LOW HITPOINT WARNING * * *
There is an open door here.
The gnoll bouda attacks as you move away!
The gnoll bouda closely misses you.
The gnoll bouda attacks as you move away!
The gnoll bouda completely misses you.
You see here a +0 club.
It was a potion of brilliance.
You feel clever all of a sudden.
The gnoll bouda gazes fiercely through you!
You feel your attacks grow feeble.
The gnoll bouda hits you with a +0 club.
* * * LOW HITPOINT WARNING * * *
The gnoll hits you from afar with a +0 spear.
You die...

.......... .....)....... ........gg.
.............. ............
.............. ..........#
.............. ..........#
.............. ..........#
.............. ..........#
.............. ..........##
.............. #######..........
.....).....[.........
#....###.......#
#...............g....
##.....###......#
#....................
##..##...#...#...# #.#
#....................
##..###......###..# #.#
#.................g.. #..## #.....##
##g######.######...............g....
#..## #.....#
#.##...............................
#...###....## #ยง#
##.............................
###..####### #.#
#..#........................... ##.#
#.###.###'###......................
#.#
#....##~~.~~#.......................
#.##
##...##~#.#~#........................
#..#
###..'..g..+.#..............[.......
####
####~#g#~######..................
#~~.~~#### ###..............#
###g###..#######............#
#.g@........##.........##.#
######...........##..####.#
#....##############.## #....#
#.#####.## #....### ##......##
##......####..###### ### #########
#....#........## ##.## ##.......#
#.....##.......### #######...#
#.######.##
##...........##...###........## #.#
##.##
##.....###########......#.....## #.#
##.## ##### #..##.##
######....####.###.## #.# ##.#
#...### ###.###.# #.........# #.#
##.## #.# #.# ##.##..## ##..## #.##
#.........# ### ##.## #.# ### #.##
#.####..####..## ##.#### #.#####...#
##.## ##.####.## #..# #.# ##..##..##
##....###..####...# ## #..#
#.###....####.## ##.##
##......#####..###............## #.#
##.## ### #.#...# #..###...##
#............## ##........##..##.#
##..# #.##..###.........##
###...#####..# #..#....####...#
##..## #.###..#...........# ##..#
#..# #..##..## ##..# ##..## ###
##.........###.# #..# ##.# ###.###..#
#..####..## ######...## #.# #..#
##.###..###..## #.##.##..## ##..##
#(# #..# ##.....#####.## #.# ##...##
#...# #.# #..# ##......# ##.## .#
#..## #...# #.# ##..###..#...####.##
##.# #...# #.## #..###.#####.###.##
#...#


You could see a gnoll bouda and a gnoll (swift).

Vanquished Creatures
  Grinder (D:6)
  A black bear (D:4)
  A phantom (D:5)
  A kobold brigand (D:4)
  Blork the orc (D:5)
  A bullfrog (D:6)
  3 scorpions
  2 orc priests (D:4)
  6 hounds
  2 sleepcaps
  2 orc wizards (D:5)
  2 iguanas
  6 gnolls
  8 adders
  2 white imps
  An ufetubus (D:5)
  3 worms
  4 dart slugs
  13 orcs
  3 bats
  5 endoplasms
  8 goblins
  6 hobgoblins
  4 jackals
  13 kobolds
  4 quokkas
  8 ball pythons
  5 frilled lizards
  5 rats
121 creatures vanquished.

Vanquished Creatures (others)
  2 plants (D:2)
2 creatures vanquished.

Grand Total: 123 creatures vanquished

Notes
Turn   | Place    | Note
-------+----------+-------------------------------------------
     0 | D:1      | Abuh the Kobold Brigand began the quest for the Orb.
     0 | D:1      | Reached XP level 1. HP: 12/12 MP: 1/1
   139 | D:1      | Reached XP level 2. HP: 5/17 MP: 2/2
   463 | D:1      | Reached XP level 3. HP: 22/22 MP: 3/3
  1172 | D:2      | Noticed a scorpion
  1183 | D:2      | Killed a scorpion
  1184 | D:2      | Reached skill level 6 in Stealth
  1184 | D:2      | Reached XP level 4. HP: 26/28 MP: 4/4
  1284 | D:2      | Reached XP level 5. HP: 33/33 MP: 5/5
  1375 | D:2      | Found a faded altar of an unknown god.
  2245 | D:3      | Reached skill level 7 in Stealth
  2249 | D:3      | Reached XP level 6. HP: 17/38 MP: 6/6
  2531 | D:3      | Found the +8 storm bow {elec, penet}
  2923 | D:4      | Reached skill level 5 in Short Blades
  3028 | D:4      | Reached skill level 8 in Stealth
  3398 | D:4      | HP: 1/38 [orc/+0 dagger (3)]
  3559 | D:4      | Reached XP level 7. HP: 37/43 MP: 7/7
  3702 | D:4      | Reached skill level 9 in Stealth
  3767 | D:5      | Entered Level 5 of the Dungeon
  3978 | D:5      | Found an ornate altar of the Wu Jian Council.
  4076 | D:5      | Reached skill level 10 in Stealth
  4089 | D:5      | Reached XP level 8. HP: 48/48 MP: 8/8
  4146 | D:5      | Noticed Blork the orc
  4155 | D:5      | Killed Blork the orc
  4483 | D:5      | Reached skill level 11 in Stealth
  4631 | D:6      | Noticed Grinder
  4634 | D:6      | Killed Grinder
  4695 | D:6      | Reached skill level 12 in Stealth
  5153 | D:6      | Found Jippydys's Jewellery Shoppe.
  5235 | D:6      | Reached XP level 9. HP: 52/52 MP: 9/9
  5483 | D:6      | HP: 1/52 [gnoll bouda/+0 club (6)]
  5483 | D:6      | Slain by a gnoll

Illustrated notes

Levels and vault maps discovered:
D:1:      tarquinn_simple_flora_water_a, layout_loops_ring
D:2:      layout_loops_ring, basic_ecumenical_altar, nrook_mini_vaults,
          minmay_statues_item, guppyfry_early_lair_pool
D:3:      layout_basic
D:4:      layout_loops_ring
D:5:      layout_basic, lemuel_coloured_pillars_altar, uniq_blork_the_orc
D:6:      layout_layer_cave, temple_doors_e, serial_shops, shop,
          nicolae_diamond_shop, kennysheep_little_box,
          nicolae_shop_hallway_stairs, uniq_grinder

Skill      XL: |  1  2  3  4  5  6  7  8 |
---------------+-------------------------+-----
Short Blades   | 3 4 5 6 8 |  8.2
Fighting       | 3 4 |  4.0
Stealth        | 6 7 8 10 12 | 12.4
Throwing       | |  2.1
Dodging        | |  1.2

Action                     |  1- 3 |  4- 6 |  7- 9 || total
---------------------------+-------+-------+-------++-------
  Melee: Dagger            |    75 |       |       ||    75
         Short sword       |    11 |   110 |   101 ||   222
         Punch             |       |       |     2 ||     2
    Use: Potion            |     3 |     3 |     4 ||    10
         Scroll            |     3 |       |     1 ||     4
   Stab: Sleeping          |    16 |    31 |    22 ||    69
         Distracted        |       |       |     1 ||     1
 Armour: Robe              |     5 |    10 |     7 ||    22
  Dodge: Dodged            |    38 |    32 |    65 ||   135

Table legend: (Time is in decaauts)
 A = Elapsed time spent in this place.
 B = Non-inter-level travel time spent in this place.
 C = Inter-level travel time spent in this place.
 D = Time resting spent in this place.
 E = Time spent auto-exploring this place.
 F = Levels seen in this place.
 G = Mean time per level.
                   A        B        C        D        E       F      G
               +--------+--------+--------+--------+--------+-----+--------+
         Total |   5369 |   5215 |    154 |    853 |   3514 |   6 |  894.8 |
       Dungeon |   5369 |   5215 |    154 |    853 |   3514 |   6 |  894.8 |
               +--------+--------+--------+--------+--------+-----+--------+

Top non-repeatable levels by time:
     D:1: 1109 daAuts
     D:3: 1034 daAuts
     D:4: 1002 daAuts
     D:6: 841 daAuts
     D:5: 712 daAuts
     D:2: 668 daAuts
